[Event "*** SCC Grand Prix: Titled Tuesday Blitz"]
[Site "Chess.com"]
[Date "2020.06.02"]
[Round "5"]
[White "woodhy"]
[Black "Baby_Shak"]
[Result "1-0"]
[WhiteElo "2464"]
[BlackElo "2625"]
[TimeControl "180+1"]
[EndTime "10:58:51 PDT"]
[Termination "woodhy won by resignation"]

1. e4 e5 2. Nf3 Nc6 3. Bb5 a6 4. Bxc6 dxc6 5. O-O Bg4 6. h3 h5 7. d3 Qf6 8. Be3 Bxf3 9. Qxf3 Qxf3 10. gxf3 Bd6 11.
Nd2 Ne7 12. Rfb1 Kd7 13. Kf1 Ke6 14. Ke2 c5 15. Rg1 g6 16. Nc4 b5 17. Nxd6 cxd6 18. f4 exf4 19. Bxf4 d5 20. a4 Nc6 21. Be3 d4 22.
Bd2 Rhc8 23. Rg5 Ne5 24. f4 Nd7 25. f5+ gxf5 26. Rxf5 Rg8 27. Raf1 Rg2+ 28. R1f2 Rxf2+ 29. Kxf2 bxa4 30. Rxh5 Rb8 31. Bc1 f6 32. Rh7 a3 33.
bxa3 Rb1 34. Bd2 Rb2 35. h4 Rxc2 36. Ke2 Ne5 37. h5 c4 38. dxc4 d3+ 39. Ke3 Ra2 40. Bb4 Re2+ 41. Kd4 Nc6+ 42. Kxd3 Rg2 43. Rc7 Ne5+ 44. Ke3 Rg3+ 45. Kf2 Rf3+ 46. Ke2 f5 47. Re7+ Kf6 48. Rxe5 Rh3 49. Rxf5+ Ke6 50. Ra5 Rh2+ 51.
Kd3 Rh3+ 52. Kd4 1-0

[Event "*** SCC Grand Prix: Titled Tuesday Blitz"]
[Site "Chess.com"]
[Date "2020.06.02"]
[Round "5"]
[White "Sergey85Rodchenkov"]
[Black "NFChess13"]
[Result "1-0"]
[WhiteElo "2533"]
[BlackElo "2377"]
[TimeControl "180+1"]
[EndTime "10:58:51 PDT"]
[Termination "Sergey85Rodchenkov won on time"]

1. e4 c5 2. Nf3 e6 3. d4 cxd4 4.
Nxd4 Nc6 5. Nc3 Qc7 6. Ndb5 Qb8 7. Be2 a6 8. Nd4 Qc7 9. O-O Nf6 10. Be3 Bb4 11.
Na4 O-O 12. c4 Be7 13. c5 Nxe4 14. Qc2 f5 15. Rfd1 Nxd4 16. Bxd4 b5 17. Nb6 Rb8 18. Nxc8 Rbxc8 19. b4 d6 20. Qb3 d5 21. a4 Rb8 22.
axb5 axb5 23. Ra6 Qd7 24. Be5 Ra8 25. c6 Qc8 26. Rxa8 Qxa8 27. Bxb5 Qa7 28. Bd4 Qb8 29. Qa4 Bd6 30. g3 e5 31. Ba7 Qc7 32. Qa5 Nc3 33.
Bb6 Qf7 34. Rd3 Ne4 35. c7 Rc8 36. Bc6 Nf6 37. Qa6 Rxc7 38. Bxc7 Qxc7 39. Bxd5+ Nxd5 40. Qa8+ Kf7 41. Rxd5 Bxb4 42. Rb5 Be7 43. Qd5+ 1-0

[Event "*** SCC Grand Prix: Titled Tuesday Blitz"]
[Site "Chess.com"]
[Date "2020.06.02"]
[Round "5"]
[White "imdvb6307"]
[Black "LamaChampetre"]
[Result "1-0"]
[WhiteElo "2381"]
[BlackElo "2177"]
[TimeControl "180+1"]
[EndTime "10:58:51 PDT"]
[Termination "imdvb6307 won by resignation"]

1. c4 g6 2. Nf3 c5 3. d4 cxd4 4.
Nxd4 Bg7 5. e4 Nc6 6. Be3 Nf6 7.
Nc3 Nxd4 8. Bxd4 d6 9. f3 O-O 10. Qd2 Qa5 11. Rc1 Be6 12. Be2 Rfc8 13. b3 a6 14. Be3 b5 15. Nd5 Qxd2+ 16. Kxd2 Nxd5 17. cxd5 Bd7 18. Bb6 Bh6+ 19. Be3 Bg7 20. h4 Rxc1 21. Rxc1 Rc8 22. Rxc8+ Bxc8 23. a4 bxa4 24. bxa4 Kf8 25. a5 f5 26. exf5 gxf5 27. g4 fxg4 28. fxg4 Kf7 29.
g5 Bb7 30. h5 Be5 31. Bc4 Bc8 32. Bd3 Kg8 33. g6 hxg6 34. Bxg6 Kg7 35. Be4 Kf7 36. Bg5 Bh8 37. h6 e6 38. dxe6+ Kxe6 39. Bd3 Ke5 40. Ke3 d5 41. Bf4+ Ke6 42. Bc7 Kd7 43. Bb6 Kc6 44.
Bd4 Kd6 45. Bxh8 1-0

[Event "*** SCC Grand Prix: Titled Tuesday Blitz"]
[Site "Chess.com"]
[Date "2020.06.02"]
[Round "5"]
[White "icychess54"]
[Black "qqwow"]
[Result "1-0"]
[WhiteElo "2254"]
[BlackElo "2373"]
[TimeControl "180+1"]
[EndTime "10:58:52 PDT"]
[Termination "icychess54 won by checkmate"]

1. c4 e5 2. Nc3 Nf6 3. Nf3 Nc6 4. e3 Bb4 5. Qc2 Bxc3 6. Qxc3 Qe7 7. a3 d5 8. cxd5 Nxd5 9. Qc2 Be6 10. Bb5 O-O 11. Bxc6 bxc6 12. Nxe5 Qg5 13. Nxc6 Qxg2 14. Rf1 Bh3 15.
Qc4 Rfe8 16. b4 Nf4 17. Bb2 Qf3 18. Rg1 Ng2+ 19. Rxg2 Bxg2 20. Ne5 Qf5 21. Qg4 Qxg4 22. Nxg4 h5 23. Ne5 f6 24. Nd3 Bf3 25. Nf4 Kf7 26.
Rc1 c6 27. Rc5 g5 28. Nh3 Rad8 29. Ng1 Bd5 30. d3 h4 31. Kd2 Re6 32. Ne2 Bf3 33. Nd4 Rxd4 34. Bxd4 g4 35. Rh5 h3 36.
Rh7+ Kg6 37. Rxa7 f5 38. a4 Rd6 39. a5 Rd8 40. a6 Rb8 41. Bc5 Rd8 42. Rb7 Be4 43.
d4 Ra8 44. a7 g3 45. fxg3 Kh5 46. Rb8 Rxa7 47. Bxa7 Kg4 48. Rh8 Bg2 49. Rh4+ Kf3 50. Rf4# 1-0

[Event "*** SCC Grand Prix: Titled Tuesday Blitz"]
[Site "Chess.com"]
[Date "2020.06.02"]
[Round "5"]
[White "MFguimaraes"]
[Black "GjakanTati"]
[Result "0-1"]
[WhiteElo "2417"]
[BlackElo "2607"]
[TimeControl "180+1"]
[EndTime "10:58:53 PDT"]
[Termination "GjakanTati won by resignation"]

1. e4 e5 2. Nf3 Nc6 3. Bc4 Bc5 4. b4 Bxb4 5. c3 Be7 6. d4 Na5 7.
Bd3 d6 8. dxe5 dxe5 9. Nxe5 Nf6 10. O-O O-O 11. Qc2 Bd6 12. Nf3 Nc6 13. Nbd2 Bg4 14.
h3 Bh5 15. Rb1 b6 16. Nd4 Ne5 17. Ba6 Re8 18. f4 Neg4 19. hxg4 Nxg4 20. N2f3 Bg6 21. Bd3 c5 22. Nf5 Bxf5 23. exf5 c4 24. Bxc4 Bc5+ 25.
Kh1 Qf6 26. Nh2 Qh6 27. g3 Rad8 28. Qg2 Nf2+ 29. Rxf2 Bxf2 30. Qxf2 Qc6+ 31. Nf3 Qxc4 32. Be3 Qxc3 33. Bd4 Qd3 34. Re1 Rxe1+ 35. Nxe1 Qxd4 36. Qxd4 Rxd4 37. Kg2 Rd2+ 38. Kf3 Rxa2 39. Nd3 Ra3 40. Ke4 b5 41. Ne5 Rxg3 42. Kd5 b4 43. Kc4 b3 44. Nd3 a5 45. Kc3 a4 46. f6 a3 47. f5 a2 48. Kb2 Rxd3 49. fxg7 Rd1 50. f6 a1=Q+ 51. Kxb3 0-1

[Event "*** SCC Grand Prix: Titled Tuesday Blitz"]
[Site "Chess.com"]
[Date "2020.06.02"]
[Round "5"]
[White "MateSchmate"]
[Black "Mikhail_Golubev"]
[Result "0-1"]
[WhiteElo "2389"]
[BlackElo "2556"]
[TimeControl "180+1"]
[EndTime "10:58:53 PDT"]
[Termination "Mikhail_Golubev won on time"]

1. e4 c5 2. Nf3 d6 3. d4 Nf6 4.
Nc3 cxd4 5. Nxd4 Nc6 6. Be2 g6 7. Be3 Bg7 8. O-O O-O 9. f3 d5 10. Nxc6 bxc6 11. e5 Nd7 12. f4 Rb8 13. Na4 e6 14. b3 Qa5 15. Qe1 Qc7 16. Nc5 Nxe5 17. fxe5 Qxe5 18. Bf3 d4 19. Nd3 Qxe3+ 20. Qxe3 dxe3 21.
Rae1 Ba6 22. Bxc6 Rbc8 23. Be4 f5 24. Bf3 Rxc2 25. Nb4 Bxf1 26. Nxc2 Bd3 27. Nxe3 Bd4 28. Kh1 e5 29. Nc4 e4 30. Be2 Bc3 31. Rc1 Bxe2 32.
Rxc3 Rc8 33. g3 Bxc4 34. bxc4 Rc5 35. Kg2 Kf7 36. Kf2 Ke6 37. Ke3 Ke5 38. a3 h6 39. h4 g5 40. hxg5 hxg5 41. Rb3 f4+ 42. gxf4+ gxf4+ 43. Kd2 Rxc4 44. Rb7 Ra4 45. Rb5+ Kd4 46.
Rb7 Rxa3 47. Rd7+ Ke5 48. Rxa7 e3+ 49. Ke2 Rxa7 0-1

[Event "*** SCC Grand Prix: Titled Tuesday Blitz"]
[Site "Chess.com"]
[Date "2020.06.02"]
[Round "5"]
[White "MariaFominykh"]
[Black "FMOlexandrProhorov"]
[Result "0-1"]
[WhiteElo "2264"]
[BlackElo "2078"]
[TimeControl "180+1"]
[EndTime "10:58:53 PDT"]
[Termination "FMOlexandrProhorov won on time"]

1. d4 g6 2. c4 Bg7 3. Nf3 d6 4.
Nc3 Nc6 5. h3 e5 6. d5 Nce7 7.
e4 f5 8. c5 Nf6 9. cxd6 cxd6 10.
Bb5+ Kf8 11. O-O h6 12. exf5 gxf5 13. Nh4 Bd7 14. a4 a6 15. Bxd7 Qxd7 16. a5 Kf7 17.
Be3 Rhf8 18. f4 e4 19. Bd4 Kg8 20. Kh1 Qe8 21. g4 fxg4 22. hxg4 Ng6 23. Nf5 Qd7 24.
Rf2 Rae8 25. Rh2 e3 26. Nxg7 Qxg7 27. g5 hxg5 28. fxg5 Ne5 29. gxf6 Rxf6 30. Bxe3 Ng4 31. Bd4 Ne5 32. Qg1 Rg6 33. Qf2 Rf8 34. Qh4 Rg4 35.
Qh5 Rxd4 36. Rg1 Rg4 37. Rxg4 Nxg4 38. Rg2 Nf2+ 39. Kg1 Qxg2+ 0-1

[Event "*** SCC Grand Prix: Titled Tuesday Blitz"]
[Site "Chess.com"]
[Date "2020.06.02"]
[Round "5"]
[White "jonaszmb"]
[Black "Abund"]
[Result "1-0"]
[WhiteElo "2439"]
[BlackElo "2599"]
[TimeControl "180+1"]
[EndTime "10:58:54 PDT"]
[Termination "jonaszmb won by resignation"]

1. d4 Nf6 2. c4 g6 3. Nf3 Bg7 4.
g3 O-O 5. Bg2 d5 6. cxd5 Nxd5 7.
Nc3 Nb6 8. O-O Nc6 9. d5 Na5 10.
Qc2 Nxd5 11. Rd1 c6 12. Ne1 Qb6 13. Bxd5 cxd5 14. Nxd5 Qe6 15. Nc7 Qh3 16. Nxa8 Bf5 17. e4 Bg4 18. f3 Bd7 19. Nc7 Rc8 20. Qg2 Qxg2+ 21. Nxg2 Rxc7 22. Bf4 e5 23. Rac1 Nc6 24. Bd2 Be6 25. Ne3 Bxa2 26. Nd5 Rd7 27. Be3 Kf8 28. Nc3 Be6 29. Rxd7 Bxd7 30. Rd1 Ke8 31. Nb5 f5 32. Nd6+ Ke7 33. Bg5+ Ke6 34. Nxb7 Bf8 35. Nd8+ Nxd8 36.
Bxd8 fxe4 37. fxe4 Bc6 38. Re1 Bc5+ 39. Kg2 Bd4 40. Re2 Bb5 41. Rd2 h6 42. Kf3 Bc6 43.
Ba5 Bb5 44. Bc3 Bc5 45. Rd5 Bd4 46. Bxd4 exd4 47. Rxb5 1-0

[Event "*** SCC Grand Prix: Titled Tuesday Blitz"]
[Site "Chess.com"]
[Date "2020.06.02"]
[Round "5"]
[White "amiralfio"]
[Black "Anna_ChessMate"]
[Result "0-1"]
[WhiteElo "2391"]
[BlackElo "2557"]
[TimeControl "180+1"]
[EndTime "10:58:54 PDT"]
[Termination "Anna_ChessMate won by resignation"]

1. Nf3 d5 2. c4 d4 3. b4 g5 4. Bb2 Bg7 5. Nxg5 e5 6. Ne4 f5 7. Nc5 b6 8. Nd3 Ne7 9. e3 O-O 10. exd4 e4 11. Ne5 Nbc6 12. Nxc6 Nxc6 13. Nc3 Bxd4 14.
Be2 Nxb4 15. O-O c5 16. Qb3 Bb7 17. a3 Nc6 18. Nd5 Bxb2 19. Qxb2 Nd4 20. d3 Bxd5 21.
cxd5 Qxd5 22. dxe4 fxe4 23. Rac1 Qe5 24. Bc4+ Kh8 25.
Qd2 Rad8 26. Kh1 Rd6 27. Qe3 Nf5 28. Qg5 Rg6 29. Qd2 Nh4 30. Qc3 Qxc3 31. Rxc3 Nxg2 32. Rg3 Nf4 33. Re1 Nd3 34. Bxd3 Rxg3 35. hxg3 exd3 36. Kg2 d2 37. Rd1 Rd8 38. Kf3 c4 0-1

[Event "*** SCC Grand Prix: Titled Tuesday Blitz"]
[Site "Chess.com"]
[Date "2020.06.02"]
[Round "5"]
[White "Kostya26"]
[Black "PavlovDanila"]
[Result "0-1"]
[WhiteElo "2418"]
[BlackElo "2621"]
[TimeControl "180+1"]
[EndTime "10:58:55 PDT"]
[Termination "PavlovDanila won by resignation"]

1. d4 Nf6 2. Nf3 g6 3. Bf4 Bg7 4. Nbd2 d6 5. e3 O-O 6. h3 Nc6 7. Be2 Nd7 8. O-O e5 9. dxe5 dxe5 10. Bh2 f5 11. c3 g5 12. Qc2 Qe7 13. Rad1 h5 14. Ne1 g4 15. hxg4 hxg4 16. f3 Bh6 17. fxg4 Bxe3+ 18. Kh1 fxg4 19. Qg6+ Qg7 20. Bc4+ Kh8 21.
Qh5+ Qh6 22. Rxf8+ Nxf8 23. Qxh6+ Bxh6 24. Ne4 Bf5 25. Nc5 Bf4 26. Ncd3 Bxh2 27. Kxh2 Rd8 28. Kg3 Ng6 29.
Nf2 Rxd1 30. Nxd1 Kg7 31. Ne3 Be4 32. Nxg4 a6 33. Bd3 Bd5 34. Bxg6 Kxg6 35. Nf3 e4 36.
Nfe5+ Nxe5 37. Nxe5+ Kf5 38. Ng4 Bxa2 39. Ne3+ Ke5 40.
Kh4 Kf4 41. Nc2 e3 42. g4 e2 43. g5 Bb1 44. Ne1 Ke3 45. Kg3 Be4 46. Kg4 Kf2 0-1

[Event "*** SCC Grand Prix: Titled Tuesday Blitz"]
[Site "Chess.com"]
[Date "2020.06.02"]
[Round "5"]
[White "Unknown_IM"]
[Black "XDPS"]
[Result "0-1"]
[WhiteElo "2512"]
[BlackElo "2689"]
[TimeControl "180+1"]
[EndTime "10:58:56 PDT"]
[Termination "XDPS won by resignation"]

1. c4 c6 2. Nf3 d5 3. e3 Nf6 4. b3 e6 5. Bb2 Bd6 6. Be2 O-O 7. O-O b6 8. Qc2 Bb7 9. d3 Nbd7 10. Nbd2 e5 11. Rad1 Re8 12. Rfe1 Rc8 13. Qb1 a6 14. Qa1 Qe7 15. Nh4 g6 16. Nhf3 b5 17. Bf1 h5 18.
g3 Ng4 19. Bg2 Bb8 20. h3 Nh6 21. a3 f6 22. Nh4 Kh7 23. Qb1 f5 24. e4 fxe4 25.
cxd5 cxd5 26. dxe4 d4 27. Ndf3 Nf7 28. Bc1 Bd6 29.
b4 Nb6 30. Nxg6 Kxg6 31. Nh4+ Kh7 32. Nf5 Qf6 33. Bf3 Qg6 34. Bxh5 Qxh5 35. h4 Nc4 36. Qd3 Rg8 37. Kh2 Rcf8 38. f3 Qg6 39. g4 Qe6 40. h5 Be7 41. Nxe7 Qxe7 42. Rg1 Qh4+ 43. Kg2 Qf6 44. Rdf1 Ng5 45. f4 Bxe4+ 46. Qxe4+ Nxe4 0-1

[Event "*** SCC Grand Prix: Titled Tuesday Blitz"]
[Site "Chess.com"]
[Date "2020.06.02"]
[Round "5"]
[White "pedromartinez91"]
[Black "kintoho"]
[Result "0-1"]
[WhiteElo "2492"]
[BlackElo "2362"]
[TimeControl "180+1"]
[EndTime "10:58:56 PDT"]
[Termination "kintoho won on time"]

1. e4 c5 2. Nf3 Nf6 3. e5 Nd5 4. Nc3 e6 5. Nxd5 exd5 6. d4 Nc6 7. dxc5 Bxc5 8. Qxd5 d6 9. exd6 Qb6 10. Be3 Bxe3 11.
Qe4+ Be6 12. Qxe3 Qxb2 13. Rd1 O-O-O 14. Bd3 Qb4+ 15. Nd2 Bg4 16. f3 Rhe8 17. Be4 f5 18.
O-O fxe4 19. fxg4 Qd4 20. Qxd4 Nxd4 21. Nc4 Ne2+ 22. Kf2 Nc3 23. Rde1 b5 24. Ne3 Rxd6 25. Kg3 Rd7 26. Rf5 a6 27. h4 g6 28. Rc5+ Rc7 29.
Rg5 Nxa2 30. h5 gxh5 31. gxh5 Nb4 32. Re2 a5 33. Rxb5 Ra7 34. Nc4 Rg8+ 35. Kh2 Nc6 36.
Rxe4 Rag7 37. Re2 Rg5 38. Rxg5 Rxg5 39. Nd6+ Kc7 40. Ne4 Rxh5+ 41. Kg3 a4 42. Kf4 a3 43.
Nc3 Rc5 44. Na2 Nd4 45. Re3 Nxc2 46. Rb3 Kd6 47. g4 Kd5 48. g5 Kc4 49. Rc3+ Kd4 50. Rb3 Rc7 51. Rb5 Rf7+ 52. Kg4 Kc4 53. Rb8 Rf2 0-1

[Event "*** SCC Grand Prix: Titled Tuesday Blitz"]
[Site "Chess.com"]
[Date "2020.06.02"]
[Round "5"]
[White "kot60"]
[Black "chessbia"]
[Result "1-0"]
[WhiteElo "2449"]
[BlackElo "2123"]
[TimeControl "180+1"]
[EndTime "10:58:56 PDT"]
[Termination "kot60 won by resignation"]

1. e4 e5 2. Nc3 Nc6 3. f4 exf4 4. d4 Qh4+ 5. Ke2 d6 6. Nf3 Bg4 7. Bxf4 Bxf3+ 8. Kxf3 Nf6 9. Bb5 a6 10. Bxc6+ bxc6 11. Bg3 Qh5+ 12. Kf2 Ng4+ 13. Ke1 Qg5 14. Qf3 Qe3+ 15.
Qxe3 Nxe3 16. Kd2 Nc4+ 17. Kc1 Be7 18. Bf4 O-O 19. b3 Nb6 20. a4 a5 21. Re1 h6 22.
Kd2 Rad8 23. Kd3 c5 24. Rad1 cxd4 25. Kxd4 Bf6+ 26. Kd3 Rfe8 27. Nd5 Nxd5 28. exd5 g5 29. Bd2 Rxe1 30. Rxe1 Ra8 31. Re4 Be5 32. h3 f5 33. Rc4 Ra7 34. Rc6 Kf7 35. Kc4 Kf6 36. Kb5 h5 37. Bxa5 g4 38. Rxc7 Rxc7 39. Bxc7 gxh3 40.
gxh3 Bd4 41. Bxd6 h4 42. Kc6 Kg5 43. a5 f4 44. Bxf4+ Kxf4 45. d6 Kg3 46. d7 Bf6 47.
a6 Kxh3 48. a7 Kg3 49. a8=Q h3 50. Qg8+ Kf2 51. Qf7 h2 52. Qxf6+ Kg2 53. Qg5+ Kh1 54.
Qd2 Kg1 55. Qxh2+ Kxh2 56. d8=Q 1-0

[Event "*** SCC Grand Prix: Titled Tuesday Blitz"]
[Site "Chess.com"]
[Date "2020.06.02"]
[Round "5"]
[White "Heineccius"]
[Black "sopo-tereladze"]
[Result "1-0"]
[WhiteElo "2612"]
[BlackElo "2346"]
[TimeControl "180+1"]
[EndTime "10:58:56 PDT"]
[Termination "Heineccius won by resignation"]

1. d4 Nf6 2. c4 e6 3. Nc3 Bb4 4. g3 Bxc3+ 5. bxc3 O-O 6. Bg2 d5 7. Nf3 Ne4 8. Qc2 c5 9. O-O Nc6 10. dxc5 Nxc5 11. Rd1 Ne4 12. Nd4 Nf6 13. Bg5 h6 14. Bxf6 Qxf6 15. cxd5 exd5 16. Bxd5 Bh3 17. Nxc6 bxc6 18.
Bg2 Bxg2 19. Kxg2 Rfe8 20. Rd4 Re5 21. Rad1 Rae8 22. e3 R5e6 23. Qd3 Qe5 24. Rd8 g6 25. Rxe8+ Rxe8 26. Qd4 Qe7 27. Kg1 h5 28. Qd7 Qe4 29.
Rd4 Qb1+ 30. Kg2 Rb8 31. Qxa7 Kg7 32. Rf4 Rf8 33. a4 g5 34. Qd4+ f6 35. Re4 Rf7 36. Re8 g4 37. a5 Qf5 38. Qf4 Qd5+ 39. e4 Qxa5 40. Qb8 Qe5 41. Rxe5 Kh6 1-0

[Event "*** SCC Grand Prix: Titled Tuesday Blitz"]
[Site "Chess.com"]
[Date "2020.06.02"]
[Round "5"]
[White "Michaelson_11"]
[Black "The_Machine04"]
[Result "0-1"]
[WhiteElo "2004"]
[BlackElo "2300"]
[TimeControl "180+1"]
[EndTime "10:58:56 PDT"]
[Termination "The_Machine04 won by checkmate"]

1. e4 d6 2. d4 Nf6 3. Nc3 e5 4. Nf3 Nbd7 5. Bc4 Be7 6. O-O c6 7. Re1 b5 8. Bf1 b4 9. Na4 O-O 10. b3 Qc7 11. Nb2 Nb6 12. Bg5 h6 13. Bh4 Re8 14. Bg3 Bf8 15. Bd3 Nh5 16. dxe5 dxe5 17.
Nc4 Nxg3 18. hxg3 Nxc4 19. Bxc4 a5 20. Qe2 Be6 21. Rad1 a4 22. Bxe6 Rxe6 23. Qc4 Ra5 24. Re3 Rc5 25. Qxb4 Rxc2 26. Qxa4 Bc5 27. Red3 Bxf2+ 28. Kf1 Bb6 29. Qa8+ Kh7 30. Rd8 Qe7 31. Rh8+ Kg6 32.
Nh4+ Kg5 33. Nf3+ Kh5 34. Qa4 Qc5 35. g4+ Kxg4 36. Nh2+ Kh5 37. g4+ Kg6 38. Nf3 Qf2# 0-1

[Event "*** SCC Grand Prix: Titled Tuesday Blitz"]
[Site "Chess.com"]
[Date "2020.06.02"]
[Round "5"]
[White "Margarita2907"]
[Black "peixe64"]
[Result "0-1"]
[WhiteElo "2056"]
[BlackElo "2225"]
[TimeControl "180+1"]
[EndTime "10:58:57 PDT"]
[Termination "peixe64 won by resignation"]

1. e4 e5 2. Nf3 Nc6 3. Bb5 a6 4. Ba4 Nf6 5. d3 Bc5 6. O-O b5 7. Bb3 d6 8. c3 O-O 9. Nbd2 Be6 10. h3 Bb6 11. Re1 h6 12. Nf1 Re8 13. Ng3 d5 14.
exd5 Bxd5 15. Bxd5 Nxd5 16. Ne4 f5 17. Ng3 Qf6 18. a4 Rad8 19. Qc2 Kh8 20. axb5 axb5 21. b3 b4 22. c4 Nc3 23. Bb2 Nd4 24. Nxd4 exd4 25. Qd2 Bc5 26. Qf4 Rf8 27. Qxc7 Bd6 28. Qc6 Rc8 29. Qb6 Rb8 30. Qc6 Rfc8 31. Qa6 Qg6 32. Ne2 Re8 33. Nxc3 bxc3 34. Ba3 Bxa3 35.
Rxe8+ Rxe8 36. Rxa3 Re1+ 37. Kh2 Qxa6 38. Rxa6 Rd1 39.
c5 c2 40. c6 c1=Q 41. c7 Qxc7+ 0-1

[Event "*** SCC Grand Prix: Titled Tuesday Blitz"]
[Site "Chess.com"]
[Date "2020.06.02"]
[Round "5"]
[White "stanyga"]
[Black "Guenplen"]
[Result "1-0"]
[WhiteElo "2660"]
[BlackElo "2899"]
[TimeControl "180+1"]
[EndTime "10:58:58 PDT"]
[Termination "stanyga won on time"]

1. d4 Nf6 2. c4 b6 3. f3 Nc6 4.
d5 Ne5 5. e4 e6 6. f4 Ng6 7. e5 Ne4 8. Nf3 Bc5 9. Qc2 f5 10. Bd3 Nf2 11. Rf1 Nxd3+ 12. Qxd3 O-O 13. Nc3 Nh4 14. g3 Nxf3+ 15. Rxf3 Bb7 16. Be3 Bb4 17. O-O-O Qc8 18. g4 c6 19. d6 Bxc3 20. Qxc3 c5 21. Rg3 fxg4 22. Rdg1 Rf5 23. Rxg4 g6 24. Bf2 Qf8 25. Qe3 Qh6 26. Bh4 Raf8 27. Bg5 Qg7 28.
h4 Kf7 29. h5 gxh5 30. R4g3 Rg8 31. Bf6 Qxg3 32. Rxg3 Rg6 33. Rxg6 hxg6 34. Qg3 Bc6 35. Bg5 Kg7 36. Qa3 1-0

[Event "*** SCC Grand Prix: Titled Tuesday Blitz"]
[Site "Chess.com"]
[Date "2020.06.02"]
[Round "5"]
[White "grandcoach"]
[Black "Eloist"]
[Result "0-1"]
[WhiteElo "2078"]
[BlackElo "2225"]
[TimeControl "180+1"]
[EndTime "10:58:58 PDT"]
[Termination "Eloist won on time"]

1. e4 e6 2. Nf3 d5 3. e5 c5 4. b4 cxb4 5. a3 Nc6 6. axb4 Bxb4 7. c3 Ba5 8. d4 Nge7 9. Bd3 Bd7 10. h4 h6 11. h5 b5 12. Rh3 b4 13. Rg3 bxc3 14.
Kf1 Nf5 15. Bxf5 exf5 16. Rxg7 Be6 17. Ba3 Rc8 18. Qa4 c2 19. Nbd2 Qb6 20. Nb3 Bb4 21.
Rc1 Bxa3 22. Qxa3 Qb4 23. Qa2 Qc4+ 24. Kg1 Nb4 25. Qa4+ Kf8 26. Nc5 Kxg7 27. Nxe6+ Kh7 28. Qd7 Rhf8 29. Nxf8+ Rxf8 30. Qxf5+ Kg7 31. Qf6+ Kh7 32.
Nh4 Qd3 33. Nf5 Qd1+ 34. Kh2 Qxh5+ 35. Kg1 Qd1+ 36. Kh2 Qh5+ 37. Kg1 Qg5 38. Qd6 Qxc1+ 39. Kh2 Rg8 40. Qxh6+ Qxh6+ 41. Nxh6 Kxh6 0-1

[Event "*** SCC Grand Prix: Titled Tuesday Blitz"]
[Site "Chess.com"]
[Date "2020.06.02"]
[Round "5"]
[White "dpopadic"]
[Black "Bayernbk"]
[Result "1/2-1/2"]
[WhiteElo "2330"]
[BlackElo "2491"]
[TimeControl "180+1"]
[EndTime "10:58:59 PDT"]
[Termination "Game drawn by repetition"]

1. e4 e6 2. d4 d5 3. e5 c5 4. Qg4 Nc6 5. Nf3 Nxd4 6. Nxd4 cxd4 7. Bd3 Ne7 8. O-O Nc6 9. Re1 g6 10. a3 Be7 11. b4 h5 12. Qg3 Qc7 13. h4 Qd8 14.
Bg5 Bxg5 15. hxg5 Bd7 16. Nd2 a6 17. Nb3 Qc7 18. Qf4 Ne7 19. Nxd4 Rc8 20. Rad1 Rf8 21. Re3 Qb6 22. Ree1 Kd8 23. Rb1 Rc3 24. Nb3 Ba4 25. Qd2 Qc7 26. Nc5 Rxa3 27. Qc1 Ra2 28. Ra1 Rxa1 29.
Qxa1 Bb5 30. Bxb5 axb5 31. Qa8+ Qc8 32. Nxb7+ Kc7 33. Qxc8+ Nxc8 34. Nc5 Nb6 35. Ra1 Ra8 36. Rxa8 Nxa8 37. Nb3 Kb6 38. Nd4 Nc7 39. Kf1 Na6 40.
c3 Nb8 41. Ke2 Nc6 42. f4 Nxd4+ 43. cxd4 Kc6 44. g3 Kd7 45. Kf3 Ke7 46. Kg2 Kf8 47. Kh3 Kg7 48. Kh2 Kg8 49. Kh3 Kg7 50. Kh2 Kg8 51. Kh3 Kg7 1/2-1/2

[Event "*** SCC Grand Prix: Titled Tuesday Blitz"]
[Site "Chess.com"]
[Date "2020.06.02"]
[Round "5"]
[White "Forantes"]
[Black "Azatic"]
[Result "0-1"]
[WhiteElo "2304"]
[BlackElo "2441"]
[TimeControl "180+1"]
[EndTime "10:58:59 PDT"]
[Termination "Azatic won by resignation"]

1. Nf3 c5 2. g3 b6 3. Bg2 Bb7 4.
O-O Nf6 5. c3 e6 6. d4 Be7 7.
Re1 O-O 8. Nbd2 d5 9. Ne5 Nc6 10. Ndf3 Ne4 11. Nxc6 Bxc6 12. Ne5 Bb7 13. Bxe4 dxe4 14.
dxc5 bxc5 15. Be3 f6 16. Nd7 Rf7 17. Nxc5 Bxc5 18. Bxc5 Rd7 19. Qb3 Bd5 20. c4 Bc6 21. Rad1 h5 22. Rxd7 Qxd7 23. Rd1 Qe8 24. Rd6 Rb8 25.
Qc3 h4 26. Bxa7 Ra8 27. Bb6 e3 28. Qxe3 Rxa2 29. f3 Bd7 30. Bd4 Ra1+ 31. Kf2 hxg3+ 32. hxg3 e5 33. Bc3 Bh3 34. Qb6 Rf1+ 35. Ke3 Qg6 36. Qb8+ Kh7 37. Qb7 Qg5+ 38. Kd3 Rd1+ 39. Kc2 Rxd6 40.
Kb3 Be6 41. Qe4+ Qf5 42. Qh4+ Kg8 43. Bb4 Rd8 44. g4 Qb1 45. Qh5 Qd1+ 46. Ka3 Ra8+ 0-1

[Event "*** SCC Grand Prix: Titled Tuesday Blitz"]
[Site "Chess.com"]
[Date "2020.06.02"]
[Round "5"]
[White "Semetey"]
[Black "zajka-molotok"]
[Result "1-0"]
[WhiteElo "2529"]
[BlackElo "2374"]
[TimeControl "180+1"]
[EndTime "10:59:00 PDT"]
[Termination "Semetey won by resignation"]

1. d4 Nf6 2. Nf3 g6 3. Bg5 Bg7 4. c3 O-O 5. Nbd2 d5 6. e3 c5 7. dxc5 a5 8. a4 Nbd7 9. Nb3 Qc7 10. Bf4 e5 11. Bg3 Re8 12. Bb5 Re7 13. O-O Ne4 14.
Qxd5 Ndxc5 15. Nxc5 Nxc5 16. b4 Na6 17. Rac1 Be6 18.
Qd2 Rd8 19. Qb2 Bg4 20. Rfd1 Qc8 21. Rxd8+ Qxd8 22. Nd2 e4 23. Bxa6 bxa6 24. Nc4 axb4 25. Qxb4 h5 26. h3 Be6 27. Nd6 Rd7 28. Nxe4 Bf8 29. Qb2 h4 30. Be5 Be7 31. c4 Rd1+ 32. Rxd1 Qxd1+ 33. Kh2 Qd8 34. Nf6+ Kf8 35. Nh7+ Ke8 36.
Nf6+ Kf8 37. f4 Bxc4 38. Qc3 Be6 39. Nh7+ Ke8 40. Bf6 Bxf6 41. Nxf6+ Kf8 42. Ne4 Qd7 43. a5 Kg8 44. Nf6+ 1-0

[Event "*** SCC Grand Prix: Titled Tuesday Blitz"]
[Site "Chess.com"]
[Date "2020.06.02"]
[Round "5"]
[White "CarlssonLudvig"]
[Black "MartinMatthiesen"]
[Result "1/2-1/2"]
[WhiteElo "2502"]
[BlackElo "2364"]
[TimeControl "180+1"]
[EndTime "10:59:00 PDT"]
[Termination "Game drawn - insufficient material"]

1. d4 Nf6 2. c4 g6 3. g3 Bg7 4. Bg2 O-O 5. Nf3 d6 6. O-O c5 7. dxc5 dxc5 8. Qxd8 Rxd8 9. Nc3 Nc6 10. Bf4 Be6 11. Ne5 Na5 12. Rfd1 Nh5 13. b3 g5 14.
Rxd8+ Rxd8 15. Nxf7 Bxf7 16. Bc7 Bxc3 17. Bxd8 Bxa1 18. Bxa5 b6 19. Bd2 h6 20. Bc6 Bg6 21.
f4 gxf4 22. g4 Nf6 23. Bxf4 e5 24. Bxh6 Nxg4 25. Bg5 Bd4+ 26. Kg2 Bb1 27. Kf3 Nxh2+ 28. Kg2 Ng4 29. Kf3 Nf6 30. Bxf6 e4+ 31. Bxe4 Bxe4+ 32. Kxe4 Bxf6 33. Kd5 Kf7 34. Kc6 Ke6 35. Kb7 Kd7 36.
a4 Bc3 37. Kxa7 Kc7 38. Ka6 Ba5 39. Kb5 Kb7 40. e4 Bc3 41. e5 Bxe5 42. b4 cxb4 43. Kxb4 Kc6 44. a5 Bd6+ 45. Ka4 bxa5 46. Kxa5 Kc5 47.
Ka6 Kxc4 1/2-1/2

[Event "*** SCC Grand Prix: Titled Tuesday Blitz"]
[Site "Chess.com"]
[Date "2020.06.02"]
[Round "5"]
[White "Durarbayli"]
[Black "Ginger_GM"]
[Result "1-0"]
[WhiteElo "2773"]
[BlackElo "2591"]
[TimeControl "180+1"]
[EndTime "10:59:01 PDT"]
[Termination "Durarbayli won by resignation"]

1. e4 c5 2. b3 e6 3. Nf3 d5 4. exd5 exd5 5. Bb5+ Nc6 6. O-O Nf6 7. d4 a6 8. Re1+ Be7 9. Bxc6+ bxc6 10. Ba3 O-O 11.
Rxe7 Qxe7 12. Bxc5 Qe8 13. Bxf8 Kxf8 14. Nbd2 Bg4 15.
Qe1 Qc8 16. Ne5 Bf5 17. Nf1 h5 18. Ne3 Be4 19. Qb4+ Kg8 20. Qd6 Kh7 21. Nxf7 Qe8 22. Ne5 Rc8 23. f3 Bg6 24. Re1 h4 25. c3 Bh5 26. h3 a5 27. Nf5 c5 28. dxc5 Qb5 29. Nxg7 Qxc5+ 30. Qxc5 Rxc5 31. Nxh5 Nxh5 32. Re3 Ng3 33.
Nd7 Rc7 34. Nf6+ Kg6 35. Nxd5 Rc5 36. c4 a4 37. Kf2 axb3 38. axb3 Ra5 39. f4 Ra2+ 40. Kf3 Ra1 41. Re6+ Kf7 42. Re7+ Kg6 43. Kg4 Ra2 44. Re6+ Kf7 45. Re7+ Kg6 46. Re5 Rxg2 47. Rg5+ Kf7 48. Kxh4 1-0